 Dungeon Sprint DCSS version 0.20.1-1-g8b1a95d (console) character file.

0 bli the Poker (level 1, -2/18 HPs)
             Began as a Merfolk Monk on Sept 4, 2017.
             Was a Believer of Uskayaw.
             Killed by nerve-wracking pain
             ... invoked by Jessica
              (7 damage)
             ... in the Dungeon (Sprint VI: "Thunderdome").
             The game lasted 00:02:12 (76 turns).

bli the Poker (Merfolk Monk)                          Turns: 76, Time: 00:02:13

Health: -2/18      AC:  2    Str: 11    XL:     1   Next: 30%
Magic:  1/1        EV: 15    Int:  9    God:    Uskayaw [**....]
Gold:   0          SH:  0    Dex: 16    Spells: 0/0 levels left

rFire    . . .     SeeInvis .   a - +0 spear
rCold    . . .     Gourm    .   (no shield)
rNeg     . . .     Faith    .   b - +0 robe
rPois    .         Spirit   .   (no helmet)
rElec    .         Reflect  .   (no cloak)
rCorr    .         Harm     .   (no gloves)
MR       .....     NoTele   +   (no boots)
Stlth    ++........             (no amulet)
Regen    0.1/turn               (no ring)
MPRegen  0.1/turn               (no ring)

@: no status effects
A: change form in water, swift swim, stealthy swim
a: Stomp, Line Pass, Renounce Religion


You were in the Dungeon.
You worshipped Uskayaw.
Uskayaw was noncommittal.
You were not hungry.

You visited 1 branch

Inventory:

Hand Weapons
 a - a +0 spear (weapon)
Armour
 b - a +0 robe (worn)
Scrolls
 i - a scroll of blinking
Potions
 d - a potion of curing
 e - a potion of heal wounds
 f - a potion of haste
 g - 2 potions of magic
 h - a potion of berserk rage
Comestibles
 c - a bread ration


   Skills:
 + Level 3.5 Fighting
 + Level 4.8 Polearms
 * Level 4.5 Dodging
 - Level 2.1 Stealth


You couldn't memorise any spells.
You didn't know any spells.

Dungeon Overview and Level Annotations

Branches:
Dungeon (1/1)

Altars:
Cheibriados
Dithmenos
Fedhas
Gozag
Kikubaaqudgha
Makhleb
Okawaru
Qazlal
Ru
Sif Muna
Trog
Uskayaw
Vehumet
Xom
Yredelemnul
Zin
Beogh
Jiyva
Lugonu

Shops:
D **[(!!!!

Annotations:
D Jessica


Message History

The adder hisses angrily.
You hit Jessica but do no damage. You closely miss Jessica.
Jessica barely misses you.
You can no longer pass through a line of other dancers.
You closely miss Jessica. Jessica barely misses you.
You hit Jessica but do no damage.
Jessica looks very angry.
Jessica gestures wildly while chanting.
Jessica seems to speed up.
You hit Jessica.
Jessica is heavily wounded.
Jessica hits you with a dagger.
You can now pass through a line of other dancers.
You hit Jessica.
Jessica is severely wounded.
Jessica hits you with a dagger.
* * * LOW HITPOINT WARNING * * *
Jessica points at you and mumbles some strange words.
Pain shoots through your body!
You die...

......._# #_........#
#_......._#
###.........###
#§...........⌠#
###.8.........8.######
__......# #......___∩##
......8.# #.8........∩###
.......S###.............##
.....###@..###..........⌠#
..... #.@.# #..........⌠#
.....###...###..........⌠#
........###.............##
......8.# #)8........∩###
__......###......___∩##
###.8.........8.######
#⌠...........⌠#
###.........###
#_........# #_......._#
#_......._#


You could see an adder and Jessica.

Vanquished Creatures
  A kobold (D)
  A goblin (D)
2 creatures vanquished.

Notes
Turn   | Place    | Note
-------+----------+-------------------------------------------
     0 | D        | bli the Merfolk Monk began the quest for the Orb.
     0 | D        | Reached XP level 1. HP: 18/18 MP: 1/1
     0 | D        | Found a radiant altar of Vehumet.
     1 | D        | Found a basalt altar of Yredelemnul.
     1 | D        | Found a bloodstained altar of Trog.
     4 | D        | Found a blossoming altar of Fedhas.
     4 | D        | Found a deep blue altar of Sif Muna.
     5 | D        | Round 1.
     6 | D        | Found a burning altar of Makhleb.
     6 | D        | Found a glowing silver altar of Zin.
     7 | D        | Found a snail-covered altar of Cheibriados.
     7 | D        | Found an ancient bone altar of Kikubaaqudgha.
    10 | D        | Found a hide-covered altar of Uskayaw.
    10 | D        | Found a sacrificial altar of Ru.
    11 | D        | Found a shimmering altar of Xom.
    12 | D        | Found a corrupted altar of Lugonu.
    12 | D        | Found a viscous altar of Jiyva.
    13 | D        | Found Kasuxt's Distillery.
    13 | D        | Found a stormy altar of Qazlal.
    13 | D        | Found Qoeru's Do-It-Yourself Clinic.
    14 | D        | Found Halipsamm's Distillery.
    14 | D        | Found Simel's Bottled Wisdom.
    18 | D        | Became a worshipper of Uskayaw the Reveler
    18 | D        | Reached * piety under Uskayaw
    34 | D        | Found a roughly hewn altar of Beogh.
    35 | D        | Found Vorogusk's Weapon Rack.
    36 | D        | Found Enlimp's Basic Armour.
    36 | D        | Found Otubulep's Miscellaneous Merchandise.
    39 | D        | Found an iron altar of Okawaru.
    39 | D        | Found a shadowy altar of Dithmenos.
    39 | D        | Found Iqoyramuts's Premium Goods.
    47 | D        | Found an opulent altar of Gozag.
    62 | D        | Noticed Jessica
    64 | D        | Reached ** piety under Uskayaw
    76 | D        | Killed from afar by Jessica

Action                   || total
-------------------------++-------
Melee: Spear             ||    17
Dodge: Dodged            ||     5
